 Dungeon Crawl Stone Soup version 0.23-a0-650-ga4d50d4 (webtiles) character file.

36906 zishaf the Spry (level 13, -10/63 HPs)
             Began as a Spriggan Enchanter on Jan 3, 2019.
             Was an Initiate of Gozag.
             Killed from afar by a molten gargoyle (34 damage)
             ... with a bolt of magma
             ... in a volcano.
             The game lasted 00:52:29 (22309 turns).

zishaf the Spry (Spriggan Enchanter)               Turns: 22309, Time: 00:52:30

Health: -10/63     AC:  3    Str:  5    XL:     13   Next: 55%
Magic:  20/35      EV: 31    Int: 24    God:    Gozag
Gold:   4112       SH:  0    Dex: 16    Spells: 3/28 levels left

rFire    . . .     SeeInvis +   a - +1 dagger (elec)
rCold    . . .     Gourm    .   (shield restricted)
rNeg     . . .     Faith    .   Y - +0 robe {MR+}
rPois    .         Spirit   .   L - +1 hat
rElec    .         Reflect  .   R - scarf {repulsion}
rCorr    .         Harm     .   (gloves unavailable)
MR       +++..                  (boots unavailable)
Stlth    +++++.....             E - amulet of magic regeneration
HPRegen  0.20/turn              P - +3 ring of intelligence
MPRegen  0.49/turn              V - ring of magical power

@: gold aura, repel missiles, very quick
A: very small, unfitting armour, see invisible, herbivore, speed 3, slow
metabolism 2
a: Potion Petition, Call Merchant, Bribe Branch, Renounce Religion


You were in a volcano.
You worshipped Gozag.
Gozag was most pleased with you.
You were very hungry.

You visited 3 branches of the dungeon, and saw 18 of its levels.
You also visited: Ice Cave and Volcano.

You collected 4192 gold pieces.
You paid 80 gold pieces to Gozag.

Inventory:

Hand Weapons
 a - a +1 dagger of electrocution (weapon)
 b - a +0 hunting sling of flaming
Missiles
 c - 328 stones (quivered)
 i - 28 sling bullets
Armour
 L - a +1 hat (worn)
 Q - a +1 robe
 R - a scarf of repulsion (worn)
 Y - a +0 robe of magic resistance (worn)
Jewellery
 f - an uncursed ring of protection from cold
 y - an uncursed ring of protection from cold
 E - an amulet of magic regeneration (around neck)
 P - a +3 ring of intelligence (left hand)
 V - a ring of magical power (right hand)
Wands
 e - a wand of polymorph (20)
 x - a wand of disintegration (15)
 C - a wand of flame (36)
 D - a wand of paralysis (39)
 H - a wand of iceblast (21)
 K - a wand of acid (19)
 M - a wand of digging (4)
Scrolls
 h - 2 scrolls of random uselessness {unknown}
 j - 5 scrolls of magic mapping
 n - a scroll of fog {unknown}
 o - 7 scrolls of teleportation
 p - 2 scrolls of remove curse
 u - 2 scrolls of blinking
 v - 3 scrolls of enchant weapon
 w - 3 scrolls of enchant armour
 A - 2 scrolls of fear
 B - a scroll of immolation {unknown}
 G - a scroll of acquirement {unknown}
 I - 2 scrolls of summoning {unknown}
 N - 3 scrolls of amnesia {unknown}
 O - a scroll of vulnerability {unknown}
 X - 2 scrolls of silence {unknown}
Potions
 g - 4 potions of flight
 k - 7 potions of curing
 l - 2 potions of agility {unknown}
 m - 6 potions of haste
 q - 3 potions of berserk rage
 r - a potion of lignification
 s - 5 potions of cancellation
 t - 5 potions of heal wounds
 z - a potion of resistance
 F - 3 potions of brilliance
 J - 2 potions of might
Miscellaneous
 W - a crystal ball of energy
Comestibles
 d - 19 rations


   Skills:
 - Level 5.0 Fighting
 - Level 10.0 Short Blades
 + Level 15.9 Dodging
 - Level 12.0 Stealth
 + Level 8.4 Spellcasting
 + Level 3.8 Conjurations
 - Level 11.0 Hexes
 + Level 2.3 Transmutations
 + Level 7.8 Earth Magic
 - Level 7.1 Evocations


You had 3 spell levels left.
You knew the following spells:

 Your Spells              Type           Power        Failure   Level  Hunger
a - Ensorcelled Hibernat  Hex/Ice        #####.       1%          2    None
b - Corona                Hex            ######.      1%          1    None
c - Cause Fear            Hex            ######....   1%          4    ##.....
d - Tukima's Dance        Hex            ######..     1%          3    None
e - Iron Shot             Conj/Erth      #####.....   65%         6    ######.
f - Statue Form           Tmut/Erth      ####.....    75%         6    ######.
z - Confuse               Hex            ######..     1%          3    None

Your spell library contained the following spells:

 Spells                   Type           Power        Failure   Level  Hunger
 Confusing Touch          Hex            ######       1%          1    None
 Slow                     Hex            ######..     1%          2    None
 Dazzling Spray           Conj/Hex       #####.       1%          3    None
 Inner Flame              Hex/Fire       #####...     1%          3    None
 Portal Projectile        Hex/Tloc       #####.       1%          3    None
 Gell's Gravitas          Tloc           ##........   19%         3    None
 Leda's Liquefaction      Hex/Erth       ######....   1%          4    ##.....
 Petrify                  Tmut/Erth      ####....     8%          4    ##.....
 Yara's Violent Unravell  Hex/Tmut       #####.....   11%         5    ####...
 Metabolic Englaciation   Hex/Ice        #####.....   19%         5    ####...
 Silence                  Hex/Air        #####.....   19%         5    ####...
 Bolt of Magma            Conj/Fire/Erth ####......   34%         5    ####...
 Summon Lightning Spire   Summ/Air       ##......     52%         4    ##.....
 Conjure Ball Lightning   Conj/Air       ###.......   99%         6    ######.
 Deflect Missiles         Chrm/Air       ##........   100%        6    ######.
 Shatter                  Erth           #####.....   100%        9    #######
 Tornado                  Air            ##........   100%        9    #######


Dungeon Overview and Level Annotations

Branches:
Dungeon (11/15)            Temple (1/1) D:5            Lair (6/6) D:8
 Shoals (0/4) Lair:3       Spider (0/4) Lair:2        Slime (0/5) Lair:6
    Orc: D:9-12

Altars:
Ashenzari
Cheibriados
Dithmenos
Elyvilon
Fedhas
Gozag
Hepliaklqana
Kikubaaqudgha
Makhleb
Nemelex Xobeh
Okawaru
Qazlal
Ru
Sif Muna
Trog
Uskayaw
Vehumet
Wu Jian
Xom
Yredelemnul
Zin
The Shining One

Shops:
D:4 [


Innate Abilities, Weirdness & Mutations

You are very small and have problems with some larger weapons.
You are too small for most types of armour.
You have supernaturally acute eyesight. (SInv)
You are a herbivore.
You cover ground extremely quickly.
You need to consume almost no food.


Message History

The fire bat becomes distracted by the nearby gold, dreaming of imaginary Your +0 mace hits the fire bat!
Casting: Confuse (safe; 1% risk of failure)
Confirm with . or Enter, or press ? or * to list all spells.
Aiming: Confuse (safe; 1% risk of failure)
Press: ? - help, Shift-Dir - straight line, f/p - molten gargoyle
Aim: a molten gargoyle (chance to defeat MR: 42%)
The molten gargoyle resists with some effort.
The molten gargoyle misses you. The lindwurm breathes flames at you.
The blast of flame hits the molten gargoyle.
The molten gargoyle completely resists.
The blast of flame is repelled.
Your +0 mace hits the fire bat!
Evoke which item? (* to show all) (? for menu, Esc to quit)
Okay, then.
The molten gargoyle blasts magma at you!
The bolt of magma hits you!
Ouch! That really hurt!
You die...
Your body crumbles into a pile of gold.

#.# ##.### ##
.%$$+ #$$ #[!)#
bk ###.## .#
##....## ..#
#......##'## $
#.8..§.#bh.# $
#....@.9bb.+ $
##....##k(.#
########+## ####
#.# #..## ##.##
##...##
#8.8###..§..##
#...##.§§.§..#
##......§≈§≈...#
#......§≈§≈§...#


You could see a lindwurm, a molten gargoyle, a hell hound, 3 fire bats and a
friendly +0 mace.

Vanquished Creatures
  A frost giant (IceCv)
  A fire dragon (Volcano)
  2 hydras (Lair:3)
  3 two-headed ogres
  Nergalle (Lair:2)
  An unseen horror (D:10)
  A cyclops (D:9)
  A merfolk siren (Lair:3)
  5 black mambas
  9 elephants (Lair:3)
  Joseph (D:10)
  3 rime drakes
  7 komodo dragons
  7 spiny frogs
  3 trolls
  10 polar bears (IceCv)
  Prince Ribbit (Lair:3)
  7 blink frogs
  4 hippogriffs
  3 redbacks (Lair:2)
  A spriggan (D:9)
  26 yaks
  5 wyverns
  4 fire bats (Volcano)
  Grum (D:8)
  A steam dragon (Volcano)
  Menkaure (D:6)
  11 water moccasins
  4 porcupines
  3 orc warriors
  3 sky beasts
  An eye of draining (D:9)
  2 black bears
  4 phantoms
  2 ice beasts (D:5)
  2 ogres
  4 centaurs
  18 wolves
  6 crocodiles
  Blork the orc (D:5)
  22 bullfrogs
  A gnoll sergeant (D:7)
  A wyvern zombie (D:8)
  8 scorpions
  10 killer bees
  An electric eel (Lair:3)
  2 centaur zombies
  8 crimson imps
  5 lava snakes (Volcano)
  A bullfrog zombie (D:9)
  6 hounds
  4 jellies
  2 centaur skeletons
  An orc priest (D:5)
  8 iguanas
  3 orc wizards
  7 worker ants
  Terence (D:3)
  2 hound skeletons
  2 worker ant zombies
  16 gnolls
  12 adders
  4 shadow imps
  4 oozes
  An adder zombie (D:5)
  2 worms
  6 leopard geckos
  23 orcs
  A ball python (D:3)
  6 bats
  7 giant cockroaches
  14 goblins
  6 hobgoblins
  24 jackals
  8 kobolds
  6 quokkas
  10 frilled lizards
  A jackal skeleton (D:9)
  A leopard gecko skeleton (D:4)
  A quokka skeleton (D:5)
  8 rats
  A fungus (Lair:1)
  A plant (D:8)
429 creatures vanquished.

Vanquished Creatures (collateral kills)
  A fire bat (Volcano)
1 creature vanquished.

Vanquished Creatures (others)
  8 polar bears (IceCv)
  4 yaks (IceCv)
  A lava snake (Volcano)
  6 fungi
  2 plants (Lair:3)
21 creatures vanquished.

Grand Total: 451 creatures vanquished

Notes
Turn   | Place    | Note
-------+----------+-------------------------------------------
     0 | D:1      | zishaf the Spriggan Enchanter began the quest for the Orb.
     0 | D:1      | Reached XP level 1. HP: 9/9 MP: 5/5
   112 | D:1      | Reached XP level 2. HP: 12/13 MP: 3/6
   139 | D:1      | Learned a level 2 spell: Ensorcelled Hibernation
  1327 | D:1      | Reached XP level 3. HP: 15/16 MP: 8/8
  1747 | D:2      | Noticed a scorpion
  1857 | D:2      | Reached skill level 5 in Stealth
  2193 | D:2      | Killed a scorpion
  2193 | D:2      | Reached skill level 4 in Dodging
  2193 | D:2      | Reached XP level 4. HP: 21/21 MP: 7/10
  2585 | D:2      | Reached XP level 5. HP: 24/24 MP: 11/11
  2650 | D:2      | Reached skill level 5 in Hexes
  3496 | D:3      | Found a bloodstained altar of Trog.
  3945 | D:3      | Noticed Terence
  3961 | D:3      | Killed Terence
  3961 | D:3      | Reached XP level 6. HP: 28/28 MP: 9/12
  4982 | D:4      | Reached skill level 5 in Dodging
  5326 | D:4      | Found Zylixaum's Armour Shop.
  5365 | D:4      | Reached XP level 7. HP: 32/32 MP: 14/14
  5726 | D:5      | Entered Level 5 of the Dungeon
  6063 | D:5      | Found a staircase to the Ecumenical Temple.
  6065 | D:5      | Noticed Blork the orc
  6094 | D:5      | Killed Blork the orc
  6116 | Temple   | Entered the Ecumenical Temple
  6457 | Temple   | Became a worshipper of Gozag Ym Sagoz the Greedy
  6485 | D:5      | Found a transporter.
  6616 | D:5      | Reached skill level 5 in Spellcasting
  6662 | D:5      | Learned a level 3 spell: Confuse
  6666 | D:5      | Learned a level 3 spell: Tukima's Dance
  6927 | D:5      | Found a transporter.
  7003 | D:5      | Reached skill level 6 in Dodging
  7006 | D:5      | Reached XP level 8. HP: 26/36 MP: 16/16
  7660 | D:6      | Reached skill level 1 in Evocations
  7988 | D:6      | Noticed Menkaure
  7997 | D:6      | Killed Menkaure
  7997 | D:6      | Reached skill level 7 in Dodging
  8037 | D:6      | Reached skill level 5 in Short Blades
  8383 | D:7      | Reached XP level 9. HP: 33/39 MP: 11/17
  9491 | D:8      | Reached skill level 8 in Dodging
  9710 | D:8      | Reached skill level 5 in Evocations
  9711 | D:8      | Noticed Grum
  9716 | D:8      | Reached skill level 10 in Hexes
  9971 | D:8      | Reached skill level 1 in Fighting
  9974 | D:8      | Killed Grum
  9987 | D:8      | Reached skill level 10 in Stealth
 10157 | D:8      | Found a staircase to the Lair.
 10158 | D:8      | Noticed a komodo dragon
 10593 | D:8      | Killed a komodo dragon
 10593 | D:8      | Reached XP level 10. HP: 46/46 MP: 20/20
 10635 | D:9      | Reached skill level 9 in Dodging
 10650 | D:9      | Noticed a cyclops
 11404 | D:9      | Found a blossoming altar of Fedhas.
 11796 | D:9      | Killed a cyclops
 11814 | D:9      | Noticed a two-headed ogre
 11853 | D:9      | Killed a two-headed ogre
 11853 | D:9      | Reached skill level 10 in Dodging
 11923 | D:9      | Noticed a two-headed ogre
 11940 | D:9      | Killed a two-headed ogre
 12288 | D:9      | Reached XP level 11. HP: 53/53 MP: 14/21
 12351 | D:9      | Learned a level 4 spell: Cause Fear
 12569 | D:10     | Entered Level 10 of the Dungeon
 12935 | D:10     | Noticed an unseen horror
 12940 | D:10     | Killed an unseen horror
 12999 | D:10     | Noticed a two-headed ogre
 13006 | D:10     | Killed a two-headed ogre
 13006 | D:10     | Reached skill level 11 in Dodging
 13756 | D:10     | Noticed Joseph
 13776 | D:10     | Killed Joseph
 14052 | Lair:1   | Entered Level 1 of the Lair of Beasts
 14166 | Lair:1   | Got a brightly glowing ring mail
 14394 | Lair:1   | Learned a level 6 spell: Iron Shot
 14554 | Lair:1   | Reached skill level 5 in Fighting
 14627 | Lair:1   | Reached skill level 1 in Earth Magic
 14866 | Lair:1   | Reached skill level 12 in Dodging
 15013 | Lair:2   | Found a hole to the Spider Nest.
 15019 | Lair:2   | Noticed Nergalle
 15023 | Lair:2   | Found a frozen archway.
 15028 | Lair:2   | Killed Nergalle
 15028 | Lair:2   | Reached XP level 12. HP: 48/60 MP: 18/25
 15043 | IceCv    | Entered an ice cave
 15579 | IceCv    | Reached skill level 10 in Short Blades
 15650 | IceCv    | Reached skill level 13 in Dodging
 15900 | IceCv    | Noticed a frost giant
 16139 | IceCv    | Killed a frost giant
 16139 | IceCv    | Reached skill level 5 in Earth Magic
 16410 | IceCv    | Got a polished helmet
 16869 | Lair:2   | Reached skill level 14 in Dodging
 17309 | Lair:2   | Found a deep blue altar of Sif Muna.
 17321 | Lair:2   | Got a crude long sword
 17573 | Lair:3   | Noticed an eight-headed hydra
 17596 | Lair:3   | Killed an eight-headed hydra
 17847 | Lair:3   | Noticed Prince Ribbit
 17948 | Lair:3   | Killed Prince Ribbit
 17955 | Lair:3   | Reached skill level 1 in Conjurations
 18353 | Lair:3   | Noticed a seven-headed hydra
 18394 | Lair:3   | Killed a seven-headed hydra
 18633 | Lair:3   | Reached XP level 13. HP: 63/63 MP: 26/26
 18654 | Lair:3   | Found a staircase to the Shoals.
 18842 | Lair:3   | Reached skill level 15 in Dodging
 21021 | Lair:5   | Learned a level 6 spell: Statue Form
 21349 | Lair:5   | Reached skill level 1 in Transmutations
 21683 | Lair:6   | Entered Level 6 of the Lair of Beasts
 21715 | Lair:6   | Found a dark tunnel.
 21786 | Volcano  | Entered a volcano
 22196 | Volcano  | Noticed a fire dragon
 22213 | Volcano  | Killed a fire dragon
 22309 | Volcano  | Killed from afar by a molten gargoyle

Vault maps used:
D:1:      kilobyte_arrival_exit_the_forest
D:3:      trog_three_pillars_becter, uniq_terence
D:4:      serial_shops, kennysheep_mini
D:5:      gammafunk_cloud_chamber, minmay_temple_entry_sparse_star,
          first_ration, uniq_blork_the_orc
D:6:      uniq_menkaure
D:8:      david_lair_shrubbed, uniq_grum
D:9:      fedhas_altar_2, the_bakery, minmay_the_grid_2x2
D:10:     uniq_joseph
D:11:     lemuel_slime, orc_0_dummy, minivault_4, uniq_sonja
Temple:   nicolae_temple_the_god_donut
Lair:1:   grunt_megastairs_1
Lair:2:   spider_nest_entry_webs, portal_ice_cave_entry_pillars_2, basic_altar,
          chequers_serial_rivers_marsh, uniq_nergalle
Lair:3:   minmay_shoals_entry_lonely_mermaid, nicolae_quartered_pool_super,
          uniq_prince_ribbit2
Lair:4:   beast_lair_carwin_9, serial_bayou_shore_a
Lair:5:   chequers_serial_rivers_large_b
Lair:6:   gammafunk_lair_ancient_temple, minmay_slime_entry_oklob_enclosed,
          nicolae_volcano_entry_lava_flow
IceCv:    ice_cave_caverns_03
Volcano:  volcano_grotto

Skill      XL: |  1  2  3  4  5  6  7  8  9 10 11 12 13 |
---------------+----------------------------------------+-----
Hexes          | 4 5 6 7 9 10 11 | 11.0
Spellcasting   | 3 4 5 6 8 |  8.4
Stealth        | 5 6 7 8 10 11 12 | 12.0
Short Blades   | 2 3 4 5 6 7 9 10 | 10.0
Dodging        | 4 5 6 7 8 10 12 14 15 | 15.9
Evocations     | 3 5 7 |  7.1
Fighting       | 1 3 5 |  5.0
Earth Magic    | 2 6 7 |  7.8
Conjurations   | 1 3 |  3.8
Transmutations | 2 |  2.3

Action                   |  1- 3 |  4- 6 |  7- 9 | 10-12 | 13-15 || total
-------------------------+-------+-------+-------+-------+-------++-------
Melee: Dagger            |   132 |   198 |   286 |   338 |    87 ||  1041
 Fire: Hunting sling     |       |       |       |     3 |       ||     3
Throw: Stone             |       |       |       |     2 |       ||     2
 Cast: Corona            |     4 |       |       |       |       ||     4
       Ensorcelled Hiber |     9 |    37 |    72 |   198 |    95 ||   411
       Confuse           |       |       |     8 |    25 |    19 ||    52
       Tukima's Dance    |       |       |       |       |     1 ||     1
Invok: Potion Petition   |       |       |     1 |       |       ||     1
Evoke: Wand              |       |       |       |     3 |     5 ||     8
  Use: Scroll            |       |       |    13 |     5 |     2 ||    20
 Stab: Sleeping          |    10 |    39 |    56 |   122 |    43 ||   270
       Distracted        |       |     1 |     3 |     3 |     1 ||     8
       Confused          |       |       |     3 |    22 |     7 ||    32
       Paralysed         |       |       |       |       |     2 ||     2
  Eat: Ration            |       |     2 |     3 |     4 |     1 ||    10
Armor: Robe              |    11 |    13 |     4 |    10 |     5 ||    43
Dodge: Dodged            |   106 |   162 |   205 |   333 |   137 ||   943
       Deflected         |       |       |       |     1 |     1 ||     2

Table legend:
 A = Non-vault XP
 B = Vault XP
 C = Vault XP percentage of total XP
 D = Non-vault monster count
 E = Vault monster count
 F = Vault count percentage of total count
                 A         B        C        D         E       F
            +---------+---------+-------+---------+---------+-------
      Total |   31050 |   21674 |  41.1 |     329 |     100 |  23.3
            +---------+---------+-------+---------+---------+-------
        D:1 |      49 |       0 |   0.0 |      27 |       0 |   0.0
        D:2 |     225 |       0 |   0.0 |      42 |       0 |   0.0
        D:3 |     111 |      32 |  22.4 |      26 |       1 |   3.7
        D:4 |     493 |       0 |   0.0 |      22 |       0 |   0.0
        D:5 |     262 |     351 |  57.3 |      17 |       3 |  15.0
        D:6 |    1030 |     169 |  14.1 |      24 |       1 |   4.0
        D:7 |     871 |       0 |   0.0 |      20 |       0 |   0.0
        D:8 |    1316 |    2167 |  62.2 |      27 |      10 |  27.0
        D:9 |    2066 |    2237 |  52.0 |      18 |      16 |  47.1
       D:10 |    3937 |     434 |   9.9 |      29 |       1 |   3.3
     Lair:1 |    4967 |     355 |   6.7 |      25 |       1 |   3.8
     Lair:2 |    1650 |    1481 |  47.3 |       8 |       4 |  33.3
     Lair:3 |    8679 |    1813 |  17.3 |      23 |       6 |  20.7
     Lair:4 |    1943 |    1491 |  43.4 |       8 |       7 |  46.7
     Lair:5 |    2650 |       0 |   0.0 |      10 |       0 |   0.0
     Lair:6 |     801 |       0 |   0.0 |       3 |       0 |   0.0
      IceCv |       0 |    8808 | 100.0 |       0 |      37 | 100.0
    Volcano |       0 |    2336 | 100.0 |       0 |      13 | 100.0
            +---------+---------+-------+---------+---------+-------
